 Dungeon Crawl Stone Soup version 0.20.1-1-g8b1a95d (webtiles) character file.

2893 Necronhym the Carver (level 9, -3/77 HPs)
             Began as a Ghoul Fighter on Sept 26, 2017.
             Was a Believer of Makhleb.
             Slain by a death yak (11 damage)
             ... on level 8 of the Dungeon.
             The game lasted 00:36:43 (5883 turns).

Necronhym the Carver (Ghoul Fighter)                Turns: 5883, Time: 00:36:44

Health: -3/77      AC: 21    Str: 22    XL:     9   Next: 77%
Magic:  8/8        EV:  5    Int:  3    God:    Makhleb [**....]
Gold:   195        SH: 12    Dex:  9    Spells: 8/8 levels left

rFire    . . .     SeeInvis .   a - +0 long sword
rCold    + . .     Gourm    .   c - +2 shield
rNeg     + + +     Faith    .   B - +2 plate armour
rPois    ∞         Spirit   .   (no helmet)
rElec    .         Reflect  .   w - +1 cloak {rPois}
rCorr    .         Harm     .   t - +2 pair of gloves
MR       .....                  p - +0 pair of boots
Stlth    ..........             (no amulet)
Regen    0.0/turn               s - +5 ring of slaying
MPRegen  0.2/turn               q - ring of flight

@: about to teleport, rotting
A: rotting body, claws 1, carnivore 3, cold resistance 1, negative energy
resistance 3, inhibited regeneration, torment resistance, unbreathing
a: Minor Destruction, Renounce Religion, Evoke Flight


You were on level 8 of the Dungeon.
You worshipped Makhleb.
Makhleb was pleased with you.
You were not hungry.

You visited 2 branches of the dungeon, and saw 9 of its levels.

You collected 292 gold pieces.
You spent 97 gold pieces at shops.

Inventory:

Hand Weapons
 a - a +0 long sword (weapon)
 x - a +2 mace of protection
Armour
 c - a +2 shield (worn)
 p - a +0 pair of boots (worn)
 t - a +2 pair of gloves (worn)
 w - a +1 cloak of poison resistance (worn)
 B - a +2 plate armour (worn)
 D - a +0 pair of gloves
Jewellery
 n - an uncursed ring of resist corrosion
 q - a ring of flight (right hand)
 s - a +5 ring of slaying (left hand)
 y - an uncursed ring of protection from cold {unknown}
Wands
 o - a wand of flame (22/48)
Scrolls
 b - 4 scrolls of identify
 e - 5 scrolls of remove curse
 r - 2 scrolls of amnesia
 u - a scroll of magic mapping
 v - a scroll of fear {unknown}
 z - a scroll of teleportation
 A - a scroll of holy word {unknown}
Potions
 d - a potion of might
 g - 4 potions of curing
 j - 3 potions of magic
 k - a potion of lignification {unknown}
 l - a potion of haste {unknown}
Books
 i - a book of Minor Magic

   Spells                             Type                      Level
   a - Magic Dart                     Conjuration                  1
   b - Blink                          Translocation                2
   c - Call Imp                       Summoning                    2
   d - Slow                           Hexes                        2
   e - Conjure Flame                  Conjuration/Fire             3
   f - Mephitic Cloud                 Conjuration/Poison/Air       3
 C - the Collected Works on Unholy Transformation
   (You found it on level 7 of the Dungeon)

   Spells                             Type                      Level
   a - Animate Skeleton               Necromancy                   1
   b - Sublimation of Blood           Necromancy                   2
   c - Sticks to Snakes               Transmutation                2
   d - Passwall                       Transmutation/Earth          2
   e - Regeneration                   Charms/Necromancy            3
   f - Excruciating Wounds            Charms/Necromancy            5
   g - Agony                          Necromancy                   5
Comestibles
 f - 3 meat rations
 h - 3 chunks of flesh
 m - 5 royal jellies


   Skills:
 + Level 6.3 Fighting
 + Level 8.2 Long Blades
 + Level 5.3 Armour
 + Level 1.8 Dodging
 + Level 0.8 Stealth
 + Level 6.4 Shields


You had 8 spell levels left.
You didn't know any spells.

Dungeon Overview and Level Annotations

Branches:
Dungeon (8/15)             Temple (1/1) D:4
   Lair: D:8-11

Altars:
Ashenzari
Cheibriados
Dithmenos
Fedhas
Gozag
Hepliaklqana
Kikubaaqudgha
Makhleb
Okawaru
Qazlal
Ru
Trog
Uskayaw
Vehumet
Yredelemnul
Zin
The Shining One

Shops:
D:6 ?


Innate Abilities, Weirdness & Mutations

Your body is rotting away.
You thrive on raw meat.
You are immune to poison.
You have sharp fingernails.
You are carnivorous and can eat meat at any time.
Your flesh is cold resistant. (rC+)
You are immune to negative energy. (rN+++)
You do not regenerate when monsters are visible.
You are immune to unholy pain and torment.
You can survive without breathing.


Message History

The gnoll sergeant hits you but does no damage.
You block the death yak's attack. The death yak gores you.
You block the death yak's attack. You block the death yak's attack.
The death yak gores you but does no damage.
You hit the death yak but do no damage.
The death yak gores you but does no damage.
The death yak gores you!
The death yak gores you but does no damage.
You block the death yak's attack. x2
You hit the death yak but do no damage. The death yak gores you.
The death yak gores you!!
* * * LOW HITPOINT WARNING * * *
You block the death yak's attack. x3; The gnoll hits you but does no damage.
As you read the scroll of teleportation, it crumbles to dust.
You feel strangely unstable. The death yak gores you.
* * * LOW HITPOINT WARNING * * *
The death yak gores you but does no damage.
The death yak gores you!
You die...

....# ....# ....#
....# ....## .....#.
#####.......
#####.YY@Y...#
#...##.YYY......
#...##.YYg......
#...##.Zgg......
##...##...g...... #
#...!............
.....#....##..........
.....#....##..........
.....#....###.......


You could see 8 death yaks, a gnoll sergeant, 3 gnolls and a centaur zombie.

Vanquished Creatures
  Prince Ribbit (D:7)
  A hippogriff (D:8)
  Menkaure (D:4)
  2 orc warriors
  An ogre (D:7)
  4 necrophages (D:6)
  A centaur (D:6)
  5 bullfrogs
  A wyvern zombie (D:5)
  A gnoll sergeant (D:7)
  3 scorpions
  A bullfrog zombie (D:6)
  2 crimson imps (D:6)
  3 orc priests
  3 hounds
  Crazy Yiuf (D:4)
  4 jellies
  8 orc wizards
  A bullfrog skeleton (D:5)
  An iguana (D:7)
  6 worker ants
  A killer bee zombie (D:7)
  A worker ant zombie (D:6)
  A hound skeleton (D:6)
  3 gnolls (D:7)
  A howler monkey skeleton (D:6)
  6 adders
  5 shadow imps
  3 oozes
  A worm (D:2)
  3 dart slugs
  2 leopard geckos
  12 orcs
  2 ball pythons
  7 bats
  5 giant cockroaches
  5 hobgoblins
  5 jackals
  8 kobolds
  4 quokkas
  4 frilled lizards
  10 goblins
  2 leopard gecko zombies (D:6)
  2 quokka skeletons
  A quokka zombie (D:7)
  7 rats
  A bush (D:6)
153 creatures vanquished.

Vanquished Creatures (others)
  6 plants (D:6)
6 creatures vanquished.

Grand Total: 159 creatures vanquished

Notes
Turn   | Place    | Note
-------+----------+-------------------------------------------
     0 | D:1      | Necronhym the Ghoul Fighter began the quest for the Orb.
     0 | D:1      | Reached XP level 1. HP: 19/19 MP: 0/0
   114 | D:1      | Reached XP level 2. HP: 11/26 MP: 1/1
   115 | D:1      | Reached skill level 2 in Long Blades
   772 | D:2      | Reached XP level 3. HP: 29/32 MP: 2/2
  1438 | D:2      | Reached XP level 4. HP: 34/40 MP: 3/3
  1808 | D:3      | Found a bloodstained altar of Trog.
  1897 | D:3      | Found a glowing golden altar of the Shining One.
  2083 | D:3      | Found a glowing golden altar of the Shining One.
  2323 | D:4      | Found a staircase to the Ecumenical Temple.
  2337 | Temple   | Entered the Ecumenical Temple
  2413 | Temple   | Became a worshipper of Makhleb the Destroyer
  2556 | D:4      | Reached XP level 5. HP: 43/46 MP: 4/4
  2590 | D:4      | HP: 1/46 [orc wizard/magic dart (8)]
  2705 | D:4      | Found a snail-covered altar of Cheibriados.
  2796 | D:4      | Noticed Menkaure
  2830 | D:4      | Killed Menkaure
  2830 | D:4      | Reached skill level 3 in Long Blades
  2830 | D:4      | Reached skill level 1 in Dodging
  2830 | D:4      | Reached XP level 6. HP: 36/53 MP: 5/5
  2896 | D:4      | Found a runed door.
  2900 | D:4      | Noticed Crazy Yiuf
  2907 | D:4      | Killed Crazy Yiuf
  3085 | D:5      | Entered Level 5 of the Dungeon
  3107 | D:5      | Reached skill level 4 in Long Blades
  3107 | D:5      | Reached XP level 7. HP: 29/60 MP: 6/6
  3420 | D:5      | Found a sacrificial altar of Ru.
  3885 | D:6      | Found an iron altar of Okawaru.
  3903 | D:6      | Reached * piety under Makhleb
  4022 | D:6      | Reached skill level 5 in Long Blades
  4080 | D:6      | Reached XP level 8. HP: 61/67 MP: 7/7
  4310 | D:6      | Found Qagyuvau's Magic Scroll Shoppe.
  4323 | D:6      | Bought a scroll of enchant armour for 97 gold pieces
  4380 | D:6      | Reached skill level 5 in Fighting
  4413 | D:6      | Found a blossoming altar of Fedhas.
  4547 | D:6      | Reached skill level 6 in Long Blades
  4547 | D:6      | Reached skill level 5 in Shields
  4893 | D:7      | Reached skill level 5 in Armour
  4915 | D:7      | Reached XP level 9. HP: 70/70 MP: 8/8
  4970 | D:7      | Reached skill level 7 in Long Blades
  4974 | D:7      | Reached ** piety under Makhleb
  5056 | D:7      | Identified the Collected Works on Unholy Transformation
  5377 | D:7      | Noticed Prince Ribbit
  5522 | D:7      | Killed Prince Ribbit
  5590 | D:7      | Reached skill level 8 in Long Blades
  5858 | D:8      | Noticed a death yak
  5862 | D:8      | Noticed a death yak
  5862 | D:8      | Noticed a death yak
  5867 | D:8      | Noticed a death yak
  5867 | D:8      | Noticed a death yak
  5867 | D:8      | Noticed a death yak
  5868 | D:8      | Noticed a death yak
  5869 | D:8      | Noticed a death yak
  5883 | D:8      | Slain by a death yak

Skill      XL: |  1  2  3  4  5  6  7  8  9 |
---------------+----------------------------+-----
Long Blades    | 2 3 4 5 6 8 |  8.2
Armour         | 3 4 5 |  5.3
Shields        | 3 4 5 6 |  6.4
Fighting       | 4 5 6 |  6.3
Dodging        | 1 |  1.8
Stealth        | |  0.8

Action                   |  1- 3 |  4- 6 |  7- 9 || total
-------------------------+-------+-------+-------++-------
Melee: Long sword        |   158 |   176 |   415 ||   749
  Use: Scroll            |     4 |     5 |     5 ||    14
       Potion            |       |     2 |       ||     2
  Eat: Chunk             |    16 |    13 |    27 ||    56
       Meat ration       |       |     1 |       ||     1
Armor: Scale mail        |    63 |     1 |       ||    64
       Chain mail        |       |   127 |    51 ||   178
       Plate armour      |       |       |   229 ||   229
Dodge: Dodged            |    59 |    46 |    77 ||   182
Block: Shield            |   107 |   139 |   272 ||   518
       Rpst.: Long sword |    22 |    12 |    22 ||    56
